[Event "Titled Tuesday Blitz May 2 Early 2023"]
[White "Zhao, Jun"]
[Black "Karamsetty, Jeevan"]
[WhiteFideId "8602522"]
[BlackFideId "2025337"]
[WhiteElo "2547"]
[BlackElo "2111"]
[Result "1-0"]
[Round "05"]
[TimeControl "180+2"]
[Date "2023.05.02"]
[WhiteClock "0:01:08"]
[BlackClock "0:00:01"]

1. d4 g6 2. e4 d6 3. Nf3 Bg7 4. c3 Nf6 5. Bd3 O-O 6. O-O Nc6 7. Nbd2 e5 8. dxe5 dxe5 9. Bc2 Qe7 10. a4 a5 11. b3 Rd8 12. Ba3 Qe8 13. Qe2 Nh5 14. Rfd1 Nf4 15. Qf1 Bg4 16. h3 Rxd2 17. Rxd2 Nxh3+ 18. gxh3 Bxf3 19. Re1 Qe6 20. Rd3 Qf6 21. Bc1 Bh5 22. Bd1 Bxd1 23. Rexd1 Bf8 24. Be3 Bd6 25. Qg2 Qe6 26. c4 b6 27. Qg4 Qe7 28. Bxb6 Rf8 29. c5 Bxc5 30. Rd7 Bxf2+ 31. Bxf2 Qa3 32. Rxc7 Nb4 33. Rc8 1-0


[Site "https://www.chess.com"]

[Event "Titled Tuesday Blitz May 2 Early 2023"]
[White "Tristan, Leonardo"]
[Black "Goncalves, Davi Sulzbacher"]
[WhiteFideId "113816"]
[BlackFideId "2154510"]
[WhiteElo "2461"]
[BlackElo "2182"]
[Result "1/2-1/2"]
[Round "05"]
[TimeControl "180+2"]
[Date "2023.05.02"]
[WhiteClock "0:00:06"]
[BlackClock "0:00:08"]

1. d4 Nf6 2. Nf3 g6 3. Bf4 Bg7 4. e3 O-O 5. Be2 d5 6. O-O c6 7. c4 Be6 8. cxd5 cxd5 9. Nc3 Nc6 10. h3 Qb6 11. Na4 Qa5 12. Nc5 Bc8 13. a3 Qd8 14. Rc1 Nd7 15. Na6 Nxd4 16. Nxd4 bxa6 17. Nc6 Qe8 18. Qxd5 Nb6 19. Qe4 e5 20. Bg3 Bf5 21. Qb4 Nd5 22. Qd6 Be4 23. f3 Nxe3 24. fxe4 Nxf1 25. Rxf1 Qe6 26. Qxe6 fxe6 27. Bxa6 Rxf1+ 28. Kxf1 Rf8+ 29. Ke2 Bh6 30. Bxe5 Kf7 31. Bc4 Rc8 32. Bb5 a6 33. Ba4 Bf8 34. Nd4 Bc5 35. Bd7 Bxd4 36. Bxc8 Bxe5 37. b3 Bb2 38. a4 Ba3 39. Kd3 a5 40. Kc4 Bb4 41. Kd4 Ke7 42. Bb7 Kd6 43. Ba6 e5+ 44. Kd3 Ke6 45. h4 Kf6 46. Kc4 g5 47. hxg5+ Kxg5 48. Kd5 Kf4 49. Bc8 Be1 50. Be6 h5 51. Bf7 h4 52. Be6 Kg3 53. Bh3 Bc3 54. Kc4 Bd2 55. Kd5 Kf4 56. Bd7 Bc3 57. Bb5 Bd2 58. Bd7 Bc3 59. Bf5 Be1 60. Kc4 Kg3 61. Bh3 Kf4 62. Kd3 Bb4 63. Be6 Kg3 64. Bh3 Kf4 65. Bc8 Kg3 66. Bh3 Kf4 1/2-1/2


[Site "https://www.chess.com"]

[Event "Titled Tuesday Blitz May 2 Early 2023"]
[White "Hnydiuk, Aleksander"]
[Black "Seo, Jung Min"]
[WhiteFideId "1109057"]
[BlackFideId "1734687"]
[WhiteElo "2374"]
[BlackElo "2468"]
[Result "1/2-1/2"]
[Round "05"]
[TimeControl "180+2"]
[Date "2023.05.02"]
[WhiteClock "0:00:11"]
[BlackClock "0:00:07"]

1. g3 e5 2. Bg2 d5 3. c4 d4 4. Nf3 Nc6 5. O-O a5 6. e3 d3 7. Nc3 Nf6 8. b3 Be7 9. Bb2 O-O 10. Nd5 e4 11. Ng5 Nxd5 12. cxd5 Bxg5 13. dxc6 f5 14. f3 Re8 15. fxe4 fxe4 16. Qc1 Qd5 17. Qc3 Re7 18. cxb7 Bxb7 19. Bh3 Bc8 20. Bxc8 Rxc8 21. Rac1 c6 22. Qc5 Ree8 23. Rf5 Qxc5 24. Rfxc5 Be7 25. Rxc6 Rxc6 26. Rxc6 a4 27. Re6 Kf7 28. Rxe4 axb3 29. axb3 Rb8 30. b4 Bxb4 31. Rf4+ Ke6 32. Re4+ Kf7 33. Be5 Rb7 34. Rd4 Ke6 35. Bf4 Bxd2 36. Rxd3 Rb1+ 37. Kg2 Bb4 38. g4 Be7 39. Kf3 Rb2 40. Rc3 g6 41. Rc6+ Kf7 42. Rc7 Ke6 43. Ra7 Rc2 44. Ra6+ Kf7 45. Bg3 h5 46. gxh5 gxh5 47. Rh6 h4 48. Bf4 Ra2 49. Kg4 Rg2+ 50. Kf5 Rf2 51. Rh7+ Kf8 52. Ke6 Bb4 53. Rxh4 Kg7 54. Rg4+ Kf8 55. Kf5 Kf7 56. Ke4 Be7 57. Rg3 Rxh2 58. Rf3 Rh5 59. Be5+ Ke6 60. Bf4 Ra5 61. Kd3 Ra2 62. Ke4 Ra3 63. Bg3 Bf6 64. Bf4 Rb3 65. Rg3 Rb4+ 66. Kf3 Kf5 67. Rg4 Ra4 68. Rg2 Ra1 69. Rc2 Rf1+ 70. Ke2 Rb1 71. Rc5+ Ke6 72. Rc4 Kd5 73. Rc2 Rb2 74. Rxb2 Bxb2 75. Kd3 Bf6 76. e4+ Ke6 77. Be3 Be5 78. Ke2 Bd6 79. Kf3 Be5 80. Bf4 Bf6 81. Kg4 Bg7 82. Kf3 Bf6 83. Kg4 Bg7 84. Kf3 Bf6 1/2-1/2


[Site "https://www.chess.com"]

[Event "Titled Tuesday Blitz May 2 Early 2023"]
[White "Weetik, Vjacheslav"]
[Black "Mrudul Dehankar"]
[WhiteFideId "4153472"]
[BlackFideId "25096990"]
[WhiteElo "2469"]
[BlackElo "2139"]
[Result "1-0"]
[Round "05"]
[TimeControl "180+2"]
[Date "2023.05.02"]
[WhiteClock "0:00:28"]
[BlackClock "0:00:04"]

1. d4 Nf6 2. Bf4 e6 3. e3 b6 4. Nf3 Bb7 5. h3 Be7 6. c4 O-O 7. Nc3 d6 8. Be2 Nbd7 9. O-O Re8 10. Qc2 Bf8 11. Rfd1 Qe7 12. Bh2 g6 13. b4 Bg7 14. Rab1 a5 15. a3 h6 16. c5 Rec8 17. Nd2 e5 18. Bf1 Ne8 19. Nc4 bxc5 20. bxc5 Ba6 21. dxe5 dxe5 22. Nd5 Qe6 23. c6 Nc5 24. e4 Qxc6 25. Ne7+ 1-0


[Site "https://www.chess.com"]

[Event "Titled Tuesday Blitz May 2 Early 2023"]
[White "Kozak, Antoni"]
[Black "Bochnicka, Vladimir"]
[WhiteFideId "21832030"]
[BlackFideId "14943450"]
[WhiteElo "2470"]
[BlackElo "2094"]
[Result "1-0"]
[Round "05"]
[TimeControl "180+2"]
[Date "2023.05.02"]
[WhiteClock "0:00:15"]
[BlackClock "0:00:05"]

1. e4 c5 2. Be2 Nc6 3. d3 g6 4. f4 Bg7 5. Nf3 e6 6. O-O Nge7 7. c3 O-O 8. Be3 d6 9. d4 cxd4 10. cxd4 d5 11. e5 h5 12. Nc3 a6 13. Qd2 Nf5 14. Bf2 Bd7 15. h3 h4 16. Bd3 Ng3 17. Rfd1 Rc8 18. Qe1 Qb6 19. Nxh4 Nxd4 20. Bf1 Qxb2 21. Bxd4 Nh5 22. Nxd5 Qa3 23. Nf6+ Bxf6 24. exf6 Bc6 25. Be2 Nxf4 26. Qd2 Nxh3+ 27. Kh2 g5 28. Be5 Rcd8 29. Qxd8 Rxd8 30. Rxd8+ Kh7 31. Bd3+ Kh6 32. Rh8# 1-0


[Site "https://www.chess.com"]

[Event "Titled Tuesday Blitz May 2 Early 2023"]
[White "Karthik Rajaa"]
[Black "Rom, Jasper"]
[WhiteFideId "25035215"]
[BlackFideId "2023733"]
[WhiteElo "2215"]
[BlackElo "2233"]
[Result "1-0"]
[Round "05"]
[TimeControl "180+2"]
[Date "2023.05.02"]
[WhiteClock "0:00:57"]
[BlackClock "0:00:18"]

1. Nf3 d5 2. c4 e6 3. e3 c6 4. Nc3 Nf6 5. b3 Nbd7 6. Bb2 Bd6 7. Qc2 O-O 8. Be2 a6 9. Rg1 e5 10. g4 e4 11. Nd4 Ne5 12. g5 Nfg4 13. h3 Nh2 14. O-O-O c5 15. Nxd5 cxd4 16. Qxe4 d3 17. Bxe5 Bxe5 18. Bxd3 g6 19. Qxe5 Nf3 20. Ne7+ 1-0


[Site "https://www.chess.com"]

[Event "Titled Tuesday Blitz May 2 Early 2023"]
[White "Khromkin, Andrey"]
[Black "Gritsenko, Nikolai"]
[WhiteFideId "4154126"]
[BlackFideId "14112493"]
[WhiteElo "2191"]
[BlackElo "2389"]
[Result "0-1"]
[Round "05"]
[TimeControl "180+2"]
[Date "2023.05.02"]
[WhiteClock "0:00:03"]
[BlackClock "0:00:06"]

1. d4 g6 2. c4 Bg7 3. Nf3 c5 4. Nc3 cxd4 5. Nxd4 Nc6 6. e3 Nxd4 7. exd4 Nf6 8. g3 O-O 9. Bg2 d5 10. cxd5 Bd7 11. O-O Ne8 12. Re1 Nd6 13. Bg5 Re8 14. Qd2 Rc8 15. h3 Nf5 16. Rad1 h6 17. Bf4 g5 18. Be3 Qb6 19. Kh2 Nd6 20. b3 Bf5 21. g4 Bg6 22. f4 gxf4 23. Bxf4 Qa5 24. Na4 Qxd2 25. Rxd2 b6 26. Rde2 Kf8 27. Nb2 Nb5 28. Be5 Nxd4 29. Bxd4 Bxd4 30. Nc4 b5 31. Ne5 Bxe5+ 32. Rxe5 Rc2 33. R1e2 Rxe2 34. Rxe2 Rc8 35. h4 b4 36. h5 Rc2 37. Bf3 Rxe2+ 38. Bxe2 Bb1 39. Bd1 Bxa2 40. Bc2 a5 41. Kg3 a4 42. bxa4 b3 43. Bd3 b2 44. a5 Bxd5 45. Bb1 Ke8 46. a6 Kd7 47. Kf4 f6 48. Ke3 e5 49. Kd2 Kc7 50. Kc3 Be6 51. Kxb2 Bxg4 52. Bd3 Bxh5 53. Kc3 Kb6 54. Kb4 Bf7 55. Be2 h5 56. Kc3 h4 57. Kd2 Bd5 58. Ke1 h3 59. Kf2 h2 0-1


[Site "https://www.chess.com"]

[Event "Titled Tuesday Blitz May 2 Early 2023"]
[White "Averjanov, Alexey"]
[Black "Todorovic, Bojan"]
[WhiteFideId "14109867"]
[BlackFideId "917087"]
[WhiteElo "2399"]
[BlackElo "2266"]
[Result "1-0"]
[Round "05"]
[TimeControl "180+2"]
[Date "2023.05.02"]
[WhiteClock "0:00:46"]
[BlackClock "0:00:01"]

1. d4 Nf6 2. c4 g6 3. Nc3 Bg7 4. e4 d6 5. Be2 O-O 6. Nf3 e5 7. O-O Nc6 8. d5 Ne7 9. Ne1 Nd7 10. Be3 f5 11. f3 f4 12. Bf2 g5 13. a4 a5 14. Nd3 c5 15. dxc6 bxc6 16. b4 axb4 17. Nxb4 Nc5 18. Bxc5 dxc5 19. Qxd8 Rxd8 20. Nd3 Bf8 21. Nxc5 Nf5 22. Nb3 Ne3 23. Rfc1 Be6 24. Nd1 Nxd1 25. Rxd1 Rxd1+ 26. Rxd1 Rxa4 27. Kf1 Bxc4 28. Bxc4+ Rxc4 29. Rc1 Rxc1+ 30. Nxc1 Kf7 31. Ke2 Ke6 32. Kd3 Kd6 33. Kc4 h5 34. h3 Be7 35. Nd3 Bd8 36. Nc5 Bb6 37. Nd3 Bd4 38. Nb4 Kc7 39. Nc2 Bf2 40. Nb4 Kd6 41. Nd3 Be3 42. Kb4 Bf2 43. Nb2 Be3 44. Nc4+ Ke6 45. Ka5 Bd4 46. Ka6 Kd7 47. Kb7 c5 48. Kb6 Ke6 49. Kc6 g4 50. hxg4 hxg4 51. fxg4 Kf6 52. Kd5 Kg5 53. Nxe5 Bxe5 54. Kxe5 Kxg4 55. Kd5 Kg3 56. e5 Kxg2 57. e6 f3 58. e7 f2 59. e8=Q f1=Q 60. Qg6+ Kf2 61. Qc2+ 1-0


[Site "https://www.chess.com"]

[Event "Titled Tuesday Blitz May 2 Early 2023"]
[White "Singh, Arvinder Preet"]
[Black "Sammed Jaykumar, Shete"]
[WhiteFideId "5013240"]
[BlackFideId "5073421"]
[WhiteElo "2124"]
[BlackElo "2278"]
[Result "0-1"]
[Round "05"]
[TimeControl "180+2"]
[Date "2023.05.02"]
[WhiteClock "0:00:02"]
[BlackClock "0:00:03"]

1. e4 c5 2. Nf3 Nc6 3. d4 cxd4 4. Nxd4 Nf6 5. Nc3 d6 6. Bg5 e6 7. Qd2 a6 8. O-O-O Be7 9. f4 Bd7 10. Nf3 b5 11. Bd3 b4 12. Ne2 a5 13. Kb1 a4 14. Ned4 Nxd4 15. Nxd4 Qb6 16. Nf3 Ng4 17. Bxe7 Kxe7 18. f5 h6 19. Rhf1 Ne3 20. Qf2 Qc5 21. e5 Nxd1 22. Qh4+ f6 23. exf6+ gxf6 24. fxe6 Ne3 25. Re1 Bxe6 26. Nd4 Nxg2 27. Qe4 Nxe1 28. Qxe6+ Kd8 29. Qxf6+ Kd7 30. Qg7+ Kc8 31. Qxh8+ Kb7 32. Qg7+ Kb6 33. Be4 Ra7 34. Qg1 d5 35. Bf5 Re7 0-1


[Site "https://www.chess.com"]

[Event "Titled Tuesday Blitz May 2 Early 2023"]
[White "Shimanov, Aleksandr"]
[Black "Wadsworth, Matthew J"]
[WhiteFideId "4198603"]
[BlackFideId "415804"]
[WhiteElo "2631"]
[BlackElo "2330"]
[Result "1-0"]
[Round "05"]
[TimeControl "180+2"]
[Date "2023.05.02"]
[WhiteClock "0:00:04"]
[BlackClock "0:00:04"]

1. d4 d5 2. Nc3 Nf6 3. Bf4 c6 4. e3 Bf5 5. Nf3 h6 6. Bd3 e6 7. O-O Bd6 8. Ne5 Bxd3 9. cxd3 O-O 10. Rb1 a5 11. Qb3 Qc7 12. Rbc1 Qe7 13. h3 Na6 14. a3 Rfb8 15. Na4 Nc7 16. Bh2 Nb5 17. Kh1 Ne8 18. Nb6 Ra6 19. Nbd7 Rd8 20. a4 Nbc7 21. Qxb7 Rxd7 22. Nxd7 Qxd7 23. Rc2 Bxh2 24. Kxh2 Nd6 25. Qb8+ Qc8 26. Qb3 Qb7 27. Qa3 Nde8 28. Rfc1 Rb6 29. Qe7 Nf6 30. Kg1 Rxb2 31. Rxc6 Nce8 32. Qxb7 Rxb7 33. Ra6 Rb2 34. Rxa5 g5 35. Ra8 Kg7 36. a5 Ra2 37. g4 h5 38. gxh5 Nd6 39. Ra6 Nb5 40. Rc5 Na3 41. Ra7 Nxh5 42. Rcc7 Nb5 43. Rxf7+ Kg6 44. Rad7 Rxa5 45. Rfe7 Ra1+ 46. Kg2 Ra6 47. Rb7 Nc3 48. Rb8 Ne2 49. Rg8+ Kf6 50. Rh7 g4 51. Rxh5 1-0


[Site "https://www.chess.com"]

[Event "Titled Tuesday Blitz May 2 Early 2023"]
[White "Nikologorskiy, Konstantin"]
[Black "Terry, Renato"]
[WhiteFideId "24111708"]
[BlackFideId "3803457"]
[WhiteElo "2293"]
[BlackElo "2575"]
[Result "0-1"]
[Round "05"]
[TimeControl "180+2"]
[Date "2023.05.02"]
[WhiteClock "0:00:02"]
[BlackClock "0:00:07"]

1. d4 e6 2. c4 Bb4+ 3. Bd2 Qe7 4. Nf3 Nf6 5. g3 O-O 6. Nc3 d6 7. Bg2 e5 8. Nd5 Nxd5 9. cxd5 Bxd2+ 10. Nxd2 f5 11. dxe5 dxe5 12. O-O e4 13. Nc4 Rd8 14. Qb3 Na6 15. Ne3 Qd6 16. Rac1 Qb6 17. Qc3 Bd7 18. a3 Rac8 19. b4 c5 20. dxc6 Rxc6 21. Qe5 Qc7 22. Qb2 Rc8 23. Rcd1 Be6 24. h4 Nb8 25. h5 Nd7 26. h6 Qe5 27. Qd2 gxh6 28. f3 Qxg3 29. fxe4 fxe4 30. Nd5 Bh3 31. Rf2 Re8 32. Ne3 Nf6 33. Rdf1 Rd6 34. Qa2+ Be6 35. Nd1 Bxa2 36. Rxf6 Rxf6 37. Rxf6 Rd8 38. Ne3 Qxe3+ 39. Kh2 Qd4 0-1


[Site "https://www.chess.com"]

[Event "Titled Tuesday Blitz May 2 Early 2023"]
[White "Swiercz, Dariusz"]
[Black "Souleidis, Georgios"]
[WhiteFideId "1126881"]
[BlackFideId "4206827"]
[WhiteElo "2620"]
[BlackElo "2401"]
[Result "1-0"]
[Round "05"]
[TimeControl "180+2"]
[Date "2023.05.02"]
[WhiteClock "0:00:15"]
[BlackClock "0:00:04"]

1. e4 e5 2. Nf3 d6 3. Bc4 Nf6 4. Nc3 Be7 5. O-O O-O 6. a4 Nc6 7. d3 Na5 8. Ba2 c5 9. Bg5 Be6 10. Bxf6 Bxf6 11. Nd5 Nc6 12. c3 g6 13. h3 Bg7 14. Qd2 Ne7 15. Nxe7+ Qxe7 16. Bc4 Rad8 17. Rfe1 a6 18. Qg5 f6 19. Qe3 Rfe8 20. Bxe6+ Qxe6 21. d4 cxd4 22. cxd4 Rc8 23. Rac1 h5 24. d5 Qd7 25. Qb3 Bh6 26. Rc3 Rc7 27. Re2 Rxc3 28. bxc3 Rc8 29. Rb2 Rc7 30. c4 Qc8 31. Rc2 Rc5 32. Ne1 b5 33. cxb5 axb5 34. axb5 Rxc2 35. Nxc2 Bd2 36. b6 Qb7 37. Qb5 1-0


[Site "https://www.chess.com"]

[Event "Titled Tuesday Blitz May 2 Early 2023"]
[White "Martinez Reyes, Pedro Ramon"]
[Black "Ibarra Jerez, Jose Carlos"]
[WhiteFideId "3901807"]
[BlackFideId "2226332"]
[WhiteElo "2340"]
[BlackElo "2638"]
[Result "0-1"]
[Round "05"]
[TimeControl "180+2"]
[Date "2023.05.02"]
[WhiteClock "0:00:02"]
[BlackClock "0:00:54"]

1. d4 Nf6 2. c4 d6 3. Nf3 g6 4. Nc3 Bf5 5. Nh4 Bd7 6. e4 e5 7. Nf3 exd4 8. Nxd4 Bg7 9. Be2 O-O 10. O-O Re8 11. f3 Nc6 12. Nc2 Nh5 13. Nd5 f5 14. exf5 Bxf5 15. Bd3 Bxd3 16. Qxd3 Ne5 17. Qb3 c6 18. Nf4 Nxf4 19. Bxf4 Qb6+ 20. Kh1 Qxb3 21. axb3 Nd3 22. Bxd6 Re2 23. Ne1 Nf2+ 24. Kg1 Bxb2 25. Ra2 Rae8 26. Bc5 Rxe1 27. Bxf2 R1e2 28. Rb1 Rd8 29. Be1 Bd4+ 0-1


[Site "https://www.chess.com"]

[Event "Titled Tuesday Blitz May 2 Early 2023"]
[White "Galchenko, Matvey"]
[Black "Skliarov, Viktor"]
[WhiteFideId "24175480"]
[BlackFideId "14106736"]
[WhiteElo "2423"]
[BlackElo "2317"]
[Result "1-0"]
[Round "05"]
[TimeControl "180+2"]
[Date "2023.05.02"]
[WhiteClock "0:00:01"]
[BlackClock "0:00:04"]

1. f4 g6 2. Nf3 Bg7 3. g3 c5 4. Bg2 Nc6 5. O-O Nf6 6. d3 O-O 7. Nc3 d5 8. e4 e6 9. e5 Nd7 10. Qe2 Nd4 11. Qf2 Nxf3+ 12. Qxf3 a6 13. Bd2 b5 14. Rae1 Bb7 15. Qf2 Rc8 16. g4 b4 17. Ne2 a5 18. h4 c4 19. d4 c3 20. bxc3 bxc3 21. Bc1 Ba6 22. f5 exf5 23. gxf5 gxf5 24. Ba3 Nb6 25. Bxf8 Qxf8 26. Qxf5 Nc4 27. Qg5 Nd2 28. Rf6 Bxe2 29. Rxe2 Kh8 30. Rff2 Rb8 31. e6 Rb1+ 32. Kh2 Qd6+ 33. Qg3 Qxg3+ 34. Kxg3 fxe6 35. Rxe6 Bxd4 36. Re8+ Kg7 37. Re7+ Kg6 38. Rff7 h5 39. Bxd5 Rg1+ 40. Bg2 Nf1+ 41. Rxf1 1-0


[Site "https://www.chess.com"]

[Event "Titled Tuesday Blitz May 2 Early 2023"]
[White "Gontcharov, Vladislav"]
[Black "Mekhitarian, Krikor Sevag"]
[WhiteFideId "4123492"]
[BlackFideId "2107660"]
[WhiteElo "2420"]
[BlackElo "2604"]
[Result "0-1"]
[Round "05"]
[TimeControl "180+2"]
[Date "2023.05.02"]
[WhiteClock "0:00:01"]
[BlackClock "0:00:19"]

1. e4 e6 2. d4 d5 3. Nd2 c5 4. exd5 Qxd5 5. Ngf3 cxd4 6. Bc4 Qd7 7. O-O Nc6 8. Nb3 a6 9. Nbxd4 Nxd4 10. Nxd4 Qc7 11. Bd3 Bd6 12. h3 Nf6 13. Qe2 O-O 14. c3 Bd7 15. Bg5 Nd5 16. Qh5 g6 17. Qh4 Bh2+ 18. Kh1 Bf4 19. Rad1 Bxg5 20. Qxg5 Qf4 21. Qxf4 Nxf4 22. Be4 Rab8 23. Ne2 Bb5 24. Nxf4 Bxf1 25. Rxf1 Rfd8 26. Re1 Rd6 27. Re2 Kg7 28. g4 b5 29. Kg2 Rbd8 30. Kf3 Rd1 31. Bc2 Rh1 32. Kg2 Ra1 33. a3 Rc1 34. Bb3 Rd6 35. g5 h6 36. h4 hxg5 37. hxg5 Rb1 38. Nh3 Rc1 39. f3 a5 40. a4 bxa4 41. Bxa4 Rd5 42. f4 Rc5 43. Nf2 Rb1 44. Ne4 Rc4 45. Bb3 Rc7 0-1


[Site "https://www.chess.com"]

[Event "Titled Tuesday Blitz May 2 Early 2023"]
[White "Rodshtein, Maxim"]
[Black "Tasev, Dejan"]
[WhiteFideId "2806851"]
[BlackFideId "936618"]
[WhiteElo "2555"]
[BlackElo "2244"]
[Result "0-1"]
[Round "05"]
[TimeControl "180+2"]
[Date "2023.05.02"]
[WhiteClock "0:00:09"]
[BlackClock "0:00:07"]

1. e4 e5 2. Nf3 Nc6 3. Bb5 a6 4. Ba4 Nf6 5. O-O b5 6. Bb3 Be7 7. d3 O-O 8. a4 b4 9. Re1 d6 10. h3 Be6 11. Nbd2 h6 12. a5 Nd7 13. Bxe6 fxe6 14. Nb3 Qe8 15. c3 bxc3 16. bxc3 Qg6 17. d4 exd4 18. cxd4 d5 19. exd5 exd5 20. Bd2 Bd6 21. Rc1 Nd8 22. Ne5 Qf5 23. f4 Nf6 24. g4 Qc8 25. Nc5 Nf7 26. Be3 Rb8 27. Qc2 Rb5 28. Nc6 Qa8 29. Ne6 Re8 30. f5 Ne4 31. Rf1 Nfg5 32. h4 Nxe6 33. fxe6 Rxe6 34. g5 Qe8 35. Qg2 hxg5 36. hxg5 Rb3 37. Rf3 Rxe3 38. Rxe3 Bf4 39. Rxe4 Rxe4 0-1


[Site "https://www.chess.com"]

[Event "Titled Tuesday Blitz May 2 Early 2023"]
[White "Munkhgal, Gombosuren"]
[Black "Srihari L R"]
[WhiteFideId "4901266"]
[BlackFideId "46617116"]
[WhiteElo "2528"]
[BlackElo "2334"]
[Result "0-1"]
[Round "05"]
[TimeControl "180+2"]
[Date "2023.05.02"]
[WhiteClock "0:01:46"]
[BlackClock "0:00:37"]

1. d4 d5 2. Bf4 Bf5 3. e3 e6 4. c4 Nf6 5. Nc3 c6 6. Nf3 Bd6 7. Bxd6 Qxd6 8. Qb3 Qe7 9. Be2 O-O 10. O-O dxc4 11. Bxc4 b5 12. Be2 Nbd7 13. a4 b4 14. Na2 a5 15. Nc1 c5 16. Nd3 Rac8 17. Rac1 Be4 18. dxc5 Nxc5 19. Nxc5 Rxc5 20. Rxc5 Qxc5 21. Qc4 Rc8 22. Rc1 Qxc4 23. Rxc4 Rxc4 24. Bxc4 Bxf3 25. gxf3 Kf8 26. f4 Ke7 27. h3 h6 28. Kf1 Kd6 29. Ke2 Kc5 30. Bb5 Ne4 31. f3 Nd6 32. Bd3 b3 33. e4 Kb4 34. e5 Nb7 35. Bb5 Nc5 36. Kd2 f6 37. h4 fxe5 38. fxe5 g5 39. h5 Nxa4 40. Bxa4 Kxa4 41. Kc3 Kb5 42. Kxb3 a4+ 43. Kc3 Kc5 44. Kd3 Kd5 45. Kc3 Kxe5 46. Kb4 Kf4 47. Kxa4 Kxf3 48. b4 g4 49. b5 g3 50. b6 g2 51. b7 g1=Q 52. b8=Q Qa1+ 0-1


[Site "https://www.chess.com"]

[Event "Titled Tuesday Blitz May 2 Early 2023"]
[White "Postny, Evgeny"]
[Black "Bartel, Michal"]
[WhiteFideId "2804344"]
[BlackFideId "1119257"]
[WhiteElo "2504"]
[BlackElo "2282"]
[Result "1-0"]
[Round "05"]
[TimeControl "180+2"]
[Date "2023.05.02"]
[WhiteClock "0:01:02"]
[BlackClock "0:00:38"]

1. e4 e5 2. Nf3 Nc6 3. Bc4 g6 4. c3 Bg7 5. d4 d6 6. h3 Nge7 7. d5 Nb8 8. Bd3 O-O 9. c4 h6 10. g4 c6 11. Nc3 cxd5 12. cxd5 Nd7 13. Rg1 Nc5 14. Bc2 a5 15. a4 b6 16. h4 Ba6 17. Be3 Rc8 18. Qd2 Kh7 19. O-O-O Qd7 20. Kb1 Rc7 21. Rh1 Qxg4 22. Nh2 Qd7 23. Rdg1 f6 24. f4 exf4 25. Bxf4 b5 26. axb5 Bxb5 27. h5 g5 28. e5+ Kh8 29. exd6 gxf4 30. dxc7 f5 31. Rxg7 Kxg7 32. Rg1+ Kh7 33. Qxf4 Nd3 34. Qd4 Rg8 35. Rxg8 Kxg8 36. Bxd3 Bxd3+ 37. Qxd3 Qxc7 38. d6 Qd7 39. Qg3+ Kh7 40. dxe7 Qxe7 41. Qg6+ Kh8 42. Qxh6+ Kg8 43. Qg6+ Kh8 44. Nf3 a4 45. Qh6+ Kg8 46. Qg5+ Qxg5 47. Nxg5 Kg7 48. Nh3 Kh6 49. Nf4 Kg5 50. Nxa4 Kxf4 51. h6 1-0


[Site "https://www.chess.com"]

[Event "Titled Tuesday Blitz May 2 Early 2023"]
[White "Ingebretsen, Jens E"]
[Black "Martinez Ramirez, Lennis"]
[WhiteFideId "1522965"]
[BlackFideId "3509079"]
[WhiteElo "2213"]
[BlackElo "2410"]
[Result "0-1"]
[Round "05"]
[TimeControl "180+2"]
[Date "2023.05.02"]
[WhiteClock "0:00:17"]
[BlackClock "0:00:39"]

1. c4 e5 2. Nc3 Nf6 3. Nf3 Nc6 4. e3 Bb4 5. Qc2 Bxc3 6. bxc3 e4 7. Ng5 Qe7 8. f3 exf3 9. Nxf3 b6 10. d4 O-O 11. Bd3 Ba6 12. O-O Na5 13. Ne5 d6 14. Ba3 c5 15. Rxf6 gxf6 16. Bxh7+ Kg7 17. Ng4 Nxc4 18. Qf2 Rh8 19. Qg3 Kxh7 20. Rf1 Rag8 21. Nxf6+ Qxf6 22. Qh3+ Kg7 23. Qg4+ Qg6 0-1


[Site "https://www.chess.com"]

[Event "Titled Tuesday Blitz May 2 Early 2023"]
[White "Hajiyev, Kanan"]
[Black "Hua, Lefong"]
[WhiteFideId "13404148"]
[BlackFideId "2602253"]
[WhiteElo "2103"]
[BlackElo "2305"]
[Result "0-1"]
[Round "05"]
[TimeControl "180+2"]
[Date "2023.05.02"]
[WhiteClock "0:00:01"]
[BlackClock "0:00:16"]

1. d4 Nf6 2. Nf3 g6 3. g3 Bg7 4. Bg2 O-O 5. O-O d6 6. b3 c5 7. Bb2 Nc6 8. c4 Ne4 9. Nbd2 Bf5 10. Nxe4 Bxe4 11. e3 e5 12. dxc5 dxc5 13. Qxd8 Raxd8 14. Rfd1 h6 15. Ne1 Bxg2 16. Kxg2 e4 17. Bxg7 Kxg7 18. Kf1 f5 19. Ke2 Kf6 20. Nc2 Ne5 21. Na3 a6 22. Rac1 g5 23. Nb1 Nd3 24. Rc2 f4 25. Nc3 Ke5 26. Rcd2 fxe3 27. f4+ gxf4 28. gxf4+ Rxf4 29. Kxe3 Rf3+ 30. Ke2 Rg8 31. Rf1 Rg2+ 32. Kd1 Rxf1+ 0-1


[Site "https://www.chess.com"]

[Event "Titled Tuesday Blitz May 2 Early 2023"]
[White "Arencibia Monduy, Antonio"]
[Black "Prohaszka, Peter"]
[WhiteFideId "3507939"]
[BlackFideId "726265"]
[WhiteElo "2122"]
[BlackElo "2626"]
[Result "0-1"]
[Round "05"]
[TimeControl "180+2"]
[Date "2023.05.02"]
[WhiteClock "0:00:01"]
[BlackClock "0:00:12"]

1. e4 c6 2. d4 d5 3. Nc3 dxe4 4. Nxe4 Nf6 5. Nc3 Bf5 6. Nf3 e6 7. Bd3 Bg6 8. O-O Nbd7 9. Bf4 Be7 10. Re1 Nd5 11. Nxd5 cxd5 12. Bxg6 hxg6 13. c3 a6 14. Qd2 Nf6 15. Ne5 Ne4 16. Qe3 g5 17. Bg3 Bd6 18. f3 Nxg3 19. hxg3 Bxe5 20. Qxe5 Kf8 21. Rf1 Qf6 22. Qc7 Qe7 23. Qe5 f6 24. Qe3 Qd6 25. f4 gxf4 26. gxf4 Re8 27. Rae1 Re7 28. Rf2 Ke8 29. Rfe2 Kd7 30. Qg3 g5 31. Rf1 Rh4 32. Ref2 Reh7 33. Rf3 g4 34. Re3 f5 35. Rfe1 Rh1+ 36. Kf2 Rxe1 37. Rxe1 Qb6 38. Re2 Rh1 39. Qe3 Qd6 40. Qe5 Qxe5 41. Rxe5 Ra1 42. Re2 Rxa2 43. Kg3 a5 44. Kh4 a4 45. Kg5 a3 46. Re1 Rxb2 47. Kf6 a2 48. Ra1 Rxg2 49. Rh1 Rb2 50. Rh7+ Kc6 0-1


[Site "https://www.chess.com"]

[Event "Titled Tuesday Blitz May 2 Early 2023"]
[White "Koellner, Ruben Gideon"]
[Black "Ibadov, Dashgyn"]
[WhiteFideId "12993093"]
[BlackFideId "24107514"]
[WhiteElo "2314"]
[BlackElo "2208"]
[Result "1-0"]
[Round "05"]
[TimeControl "180+2"]
[Date "2023.05.02"]
[WhiteClock "0:00:21"]
[BlackClock "0:00:01"]

1. d4 d5 2. Nf3 Nf6 3. e3 e6 4. Nbd2 Bd6 5. Bd3 c5 6. c3 Nc6 7. O-O O-O 8. dxc5 Bxc5 9. b4 Bd6 10. Bb2 Qe7 11. a3 a6 12. c4 Rd8 13. Qe2 e5 14. cxd5 Nxd5 15. Rfd1 Bg4 16. h3 Bh5 17. Ne4 Bc7 18. Bc4 Nf6 19. Qc2 Bxf3 20. gxf3 Nh5 21. Rxd8+ Rxd8 22. Rd1 Rf8 23. Kg2 Kh8 24. Ng3 Nxg3 25. fxg3 f5 26. Bd5 Rd8 27. Qxf5 Nd4 28. exd4 Rxd5 29. Qe4 Rd8 30. d5 Bd6 31. Re1 Re8 32. f4 exf4 33. Qxe7 Rxe7 34. Rxe7 Bxe7 35. gxf4 Kg8 36. Kf3 Kf7 37. f5 b5 38. Be5 g6 39. Ke4 1-0


[Site "https://www.chess.com"]

[Event "Titled Tuesday Blitz May 2 Early 2023"]
[White "Omelja, Artem"]
[Black "Vaibhav Jayant Raut"]
[WhiteFideId "14119846"]
[BlackFideId "5089034"]
[WhiteElo "2404"]
[BlackElo "2156"]
[Result "1/2-1/2"]
[Round "05"]
[TimeControl "180+2"]
[Date "2023.05.02"]
[WhiteClock "0:00:06"]
[BlackClock "0:00:06"]

1. e4 c5 2. Nf3 Nc6 3. Bb5 g6 4. O-O Bg7 5. Re1 e5 6. b4 cxb4 7. a3 Nge7 8. axb4 O-O 9. c3 a6 10. Bf1 Rb8 11. b5 axb5 12. Bxb5 d5 13. d3 h6 14. Ba3 Re8 15. Nbd2 Be6 16. Qe2 Ra8 17. Bc5 Qc7 18. exd5 Nxd5 19. Ne4 Rad8 20. c4 Nf4 21. Qe3 Rxd3 22. Bb6 Qe7 23. Qc5 Bf8 24. Qxe7 Bxe7 25. Bxc6 bxc6 26. Nxe5 Rb3 27. c5 Bd5 28. Nd6 Rf8 29. Ne4 Bd8 30. Bxd8 Rxd8 31. f3 Rb2 32. Nf2 Re8 33. Ned3 Ne2+ 34. Kh1 Rc2 35. Rac1 Rxc1 36. Nxc1 Bc4 37. Nxe2 Rxe2 38. Rxe2 Bxe2 39. Ne4 Kg7 40. Kg1 f5 41. Nd6 Kf6 42. Kf2 Ba6 43. Ke3 Ke5 44. Nf7+ Kd5 45. Nxh6 Kxc5 46. f4 Kd6 47. g4 fxg4 48. Nxg4 c5 49. Ne5 g5 50. Nf7+ Ke6 51. Nxg5+ Kf5 52. h4 Kg4 53. Ne6 c4 54. Nd4 Kxh4 55. Kd2 Kg4 56. f5 Kg5 57. Kc3 Kf6 58. Ne6 Kxf5 59. Nc7 Bc8 60. Kxc4 1/2-1/2


[Site "https://www.chess.com"]